 Dungeon Crawl Stone Soup version 0.25-a0-306-g3faca94 (webtiles) character file.

Game seed: 16962965928974705206, levelgen mode: deterministic

72 Birdy the Skirmisher (level 4, 0/75 HPs)
             Began as an Ogre Fighter on Dec 21, 2019.
             Slain by Purgy (2 damage)
             ... on level 3 of the Dungeon.
             The game lasted 00:03:14 (3142 turns).

Birdy the Skirmisher (Ogre Fighter)                 Turns: 3142, Time: 00:03:15

Health: 0/75       AC: 22    Str: 25    XL:     4   Next: 26%
Magic:  4/4        EV:  1    Int: 10    God:
Gold:   113        SH:  9    Dex:  8    Spells: 3/3 levels left

rFire    . . .     SeeInvis .   a - +0 flail
rCold    . . .     Gourm    .   c - +0 shield
rNeg     + + +     Faith    .   (armour currently unavailable)
rPois    +         Spirit   .   (helmet currently unavailable)
rElec    .         Reflect  .   (cloak currently unavailable)
rCorr    .         Harm     .   (gloves unavailable)
MR       .....     NoTele   +   (boots unavailable)
Stlth    +.........             (no amulet)
HPRegen  0.22/turn              g - +1 ring of evasion
MPRegen  0.09/turn              (no ring)

@: mighty, tree-form
A: large, unfitting armour
a: no special abilities


You were on level 3 of the Dungeon.
You were not hungry.
You were a tree.
You visited 1 branch of the dungeon, and saw 3 of its levels.

You collected 113 gold pieces.

Inventory:

Hand Weapons
 a - a +0 flail (weapon)
Armour
 b - a +0 robe (melded)
 c - a +0 shield (worn)
Jewellery
 g - a +1 ring of evasion (left branch)
Scrolls
 e - 2 scrolls of enchant weapon
 h - a scroll of remove curse
 j - 3 scrolls of identify
 k - 2 scrolls of blinking
 l - 2 scrolls of immolation
Potions
 d - a potion of might
 i - a potion of curing
 m - 2 potions of haste
 n - a potion of lignification
Comestibles
 f - 5 rations


   Skills:
 + Level 5.4 Fighting
 - Level 1.7 Maces & Flails
 - Level 2.6 Dodging
 * Level 3.7 Shields


You had 3 spell levels left.
You didn't know any spells.
Your spell library was empty.

Dungeon Overview and Level Annotations

Branches:
Dungeon (3/15)

Altars:
Kikubaaqudgha
Okawaru
Qazlal

Annotations:
D:3 Purgy


Innate Abilities, Weirdness & Mutations

You are too large for most types of armour.
((You have tough skin. (AC +1)))


Message History

You bludgeon Purgy!!
Purgy is severely wounded.
Purgy bites you! Purgy barely misses you. Purgy claws you.
You thump Purgy!
Purgy is almost dead.
Purgy bites you!
* * * LOW HITPOINT WARNING * * *
Purgy claws you.
* * * LOW HITPOINT WARNING * * *
Purgy claws you.
* * * LOW HITPOINT WARNING * * *
You block Purgy's attack. Purgy claws you.
* * * LOW HITPOINT WARNING * * *
Purgy claws you.
* * * LOW HITPOINT WARNING * * *
It was a potion of lignification.
You turn into a tree.
Your +0 robe melds into your body.
Your roots penetrate the ground.
Purgy hisses, "I bite!"
Purgy bites you but does no damage. Purgy claws you.
You die...

###...# ##..# #...
######..####....
#..............# #
#............[.# #.#
##........(.....#
...
................) ..
....####.######.##.#
......##.## #..♣TK#
..#)#.##..# #..####
...(#...#.# #..#
.....(..#.####(.#
...#............#
...#.....#.####.#
.........#..# #.#
#+#....#.##.# #.#
#.#....#.##.# #.#


You could see Purgy and a kobold.

Vanquished Creatures
  2 adders
  2 worms (D:2)
  2 dart slugs
  3 giant cockroaches
  2 goblins
  5 hobgoblins
  6 jackals (D:1)
  3 ball pythons (D:1)
  5 bats
  3 frilled lizards
  6 kobolds
  3 rats
42 creatures vanquished.

Notes
Turn   | Place    | Note
-------+----------+-------------------------------------------
     0 | D:1      | Birdy the Ogre Fighter began the quest for the Orb.
     0 | D:1      | Reached XP level 1. HP: 24/24 MP: 1/1
   569 | D:1      | Reached XP level 2. HP: 25/33 MP: 2/2
  1172 | D:1      | Reached XP level 3. HP: 37/40 MP: 3/3
  1659 | D:2      | Found an ancient bone altar of Kikubaaqudgha.
  1690 | D:2      | Reached skill level 5 in Fighting
  2173 | D:2      | Reached XP level 4. HP: 49/50 MP: 4/4
  2511 | D:3      | Found an iron altar of Okawaru.
  2565 | D:3      | Found a stormy altar of Qazlal.
  2675 | D:3      | HP: 2/50 [kobold/+0 short sword (4)]
  3130 | D:3      | Noticed Purgy
  3141 | D:3      | HP: 1/50 [Purgy (3)]
  3142 | D:3      | Slain by Purgy

Levels and vault maps discovered:
D:1:      dpeg_arrival_tiny_k, layout_basic
D:2:      layout_loops_ring, lemuel_crystal_altar
D:3:      layout_basic, nicolae_overflow_crystal_walls, lemuel_round_altar,
          grunt_qazlal_sundering, uniq_purgy

Skill      XL: |  1  2  3 |
---------------+----------+-----
Shields        | 3 |  3.7
Fighting       | 5 |  5.4
Maces & Flails | |  1.7
Dodging        | |  2.6

Action                   |  1- 3 |  4- 6 || total
-------------------------+-------+-------++-------
Melee: Flail             |   133 |    46 ||   179
  Use: Scroll            |       |     6 ||     6
       Potion            |       |     3 ||     3
  Eat: Chunk             |     4 |       ||     4
       Ration            |       |     1 ||     1
Armor: Robe              |    31 |    22 ||    53
       Skin              |       |     1 ||     1
Dodge: Dodged            |    58 |    29 ||    87
Block: Shield            |    68 |    28 ||    96

Table legend:
 A = Non-vault XP
 B = Vault XP
 C = Vault XP percentage of total XP
 D = Non-vault monster count
 E = Vault monster count
 F = Vault count percentage of total count
                 A         B        C        D         E       F
            +---------+---------+-------+---------+---------+-------
      Total |     104 |       0 |   0.0 |      42 |       0 |   0.0
            +---------+---------+-------+---------+---------+-------
        D:1 |      36 |       0 |   0.0 |      20 |       0 |   0.0
        D:2 |      48 |       0 |   0.0 |      16 |       0 |   0.0
        D:3 |      20 |       0 |   0.0 |       6 |       0 |   0.0
            +---------+---------+-------+---------+---------+-------
